 Dungeon Crawl Stone Soup version 0.25-a0-505-gae4569222e (webtiles) character file.

Game seed: 17491132109994318165, levelgen mode: deterministic

10132 kae the Martial Artist (level 11, -7/99 HPs)
             Began as a Demonspawn Gladiator on Feb 14, 2020.
             Was a Believer of Wu Jian.
             Mangled by a blink frog (14 damage)
             ... on level 2 of the Lair of Beasts.
             The game lasted 00:13:27 (11384 turns).

kae the Martial Artist (Demonspawn Gladiator)      Turns: 11384, Time: 00:13:27

Health: -7/99      AC: 23    Str: 15    XL:     11   Next: 32%
Magic:  11/11      EV: 15    Int: 10    God:    Wu Jian [**....]
Gold:   664        SH:  0    Dex: 18    Spells: 10/10 levels left

rFire    . . .     SeeInvis +     - Unarmed
rCold    . . .     Gourm    +   (no shield)
rNeg     . . .     Faith    .   a - +0 leather armour
rPois    .         Spirit   .   K - +0 hat {SInv}
rElec    .         Reflect  .   t - +2 cloak
rCorr    .         Harm     .   g - +0 pair of gloves
MR       .....                  (no boots)
Stlth    +.........             l - amulet of the gourmand
HPRegen  0.26/turn              y - +4 ring of protection
MPRegen  0.12/turn              H - +3 ring of dexterity

@: sanguine armour, hasted, very quick
A: hooves 1, clumsy 1, robust 1, spiny 2, rot immunity, sanguine armour 3
a: Wall Jump, Renounce Religion


You were on level 2 of the Lair of Beasts.
You worshipped Wu Jian.
Wu Jian was pleased with you.
You were very full.

You visited 3 branches of the dungeon, and saw 12 of its levels.

You collected 664 gold pieces.

Inventory:

Missiles
 c - 5 throwing nets (quivered)
Armour
 a - a +0 leather armour (worn)
 b - a +0 helmet
 g - a +0 pair of gloves (worn)
 t - a +2 cloak (worn)
 K - a +0 hat of see invisible (worn)
Jewellery
 h - an uncursed ring of resist corrosion
 l - an amulet of the gourmand (around neck)
 r - an uncursed ring of see invisible
 y - a +4 ring of protection (left hand)
 F - an uncursed amulet of rage
 H - a +3 ring of dexterity (right hand)
 N - a +5 ring of intelligence
Wands
 i - a wand of iceblast (17)
 v - a wand of clouds (6)
 z - a wand of acid (11)
 C - a wand of flame (22)
 E - a wand of disintegration (13)
 G - a wand of polymorph (17)
Scrolls
 f - 4 scrolls of blinking
 p - 4 scrolls of remove curse
 q - 2 scrolls of fear
 u - 2 scrolls of amnesia
 w - 4 scrolls of magic mapping
 A - 2 scrolls of teleportation
 B - 2 scrolls of identify
Potions
 e - 3 potions of agility
 j - 3 potions of haste
 k - a potion of degeneration
 m - 4 potions of mutation
 n - 2 potions of curing
 o - a potion of invisibility
 s - a potion of resistance
 x - 2 potions of brilliance
 D - 2 potions of might
 I - a potion of lignification {unknown}
 J - a potion of cancellation {unknown}
 L - a potion of flight {unknown}
Comestibles
 d - 24 rations


   Skills:
 + Level 10.1 Fighting
 - Level 1.7 Throwing
 - Level 5.3 Dodging
 * Level 12.8 Unarmed Combat


You had 10 spell levels left.
You didn't know any spells.
Your spell library was empty.

Dungeon Overview and Level Annotations

Branches:
Dungeon (9/15)             Temple (1/1) D:7            Lair (2/6) D:8
  Swamp: Lair:2-4    Shoals: Lair:2-4     Snake: Lair:2-4    Spider: Lair:2-4
    Orc: D:9-12

Altars:
Ashenzari
Cheibriados
Dithmenos
Elyvilon
Fedhas
Gozag
Hepliaklqana
Kikubaaqudgha
Makhleb
Nemelex Xobeh
Okawaru
Qazlal
Ru
Sif Muna
Trog
Uskayaw
Vehumet
Wu Jian
Xom
Yredelemnul
Zin
The Shining One

Shops:
D:8 [

Annotations:
D:9 2 transporters, Zebulonius's ghost, novice MiBe


Innate Abilities, Weirdness & Mutations

You have large cloven feet.
You are mostly covered in sharp spines.
You are immune to rotting.
When seriously injured, your bleeding wounds create very thick armour. (AC +12)
You are clumsy. (Dex -2)
You are robust. (+10% HP)


Message History

The blink frog blinks! x2
You hit the blink frog.
The blink frog is lightly wounded.
The blink frog is struck by your spines.
The blink frog closely misses you.
You closely miss the blink frog. Your kick misses the blink frog.
The blink frog is moderately wounded.
The blink frog is struck by your spines.
The blink frog hits you!
* * * LOW HITPOINT WARNING * * *
The blink frog blinks!
You pummel the blink frog!!
The blink frog is almost dead.
You feel yourself speed up.
The blink frog is struck by your spines.
You kill the blink frog!
The Council accepts your kill.
You feel as though your hastened speed will last longer.
The blink frog hits you!
You die...

♣#####..#.. .####..
♣.P....#... .......
♣.......... . ......
♣......8... #. #...#
♣#....+.... #.. #..#
#...#.###.. #..## #..###
#♣...####.. ##...[##....#♣♣
♣♣♣#...###.#.
#............@♣♣♣♣..........##
#.....†......F..........(....#
#..#P#...##.#.....#...#.##..#
# #P..##....####..#####...
#..F####...##...####P...
###....###.....#..##.##...
...........................
.........F..................
..#####.###...####....#....#


You could see a blink frog.

Vanquished Creatures
  Gastronok (Lair:1)
  Urug (Lair:1)
  3 komodo dragons
  2 spiny frogs
  Grinder (D:4)
  A hippogriff (D:7)
  3 blink frogs (Lair:2)
  2 wyverns
  A steam dragon (D:8)
  A basilisk (Lair:1)
  A water moccasin (Lair:1)
  Duvessa (D:4)
  A porcupine (Lair:1)
  A black bear (Lair:1)
  2 sky beasts
  2 hornet zombies (D:7)
  7 orc warriors
  An ice beast (D:5)
  2 ogres (D:7)
  2 phantoms
  5 wolves (Lair:2)
  4 centaurs
  4 crocodiles
  Blork the orc (D:4)
  2 bullfrogs
  Dowan (D:4)
  A scorpion (D:4)
  A water moccasin skeleton (D:9)
  3 killer bees (D:7)
  An electric eel (D:8)
  3 howler monkeys (D:7)
  4 crimson imps
  A quasit (D:8)
  A bullfrog zombie (D:7)
  A centaur zombie (D:8)
  4 hounds
  8 orc priests
  Crazy Yiuf (D:4)
  14 orc wizards
  3 bullfrog skeletons
  Jessica (D:3)
  3 iguanas
  Terence (D:2)
  11 worker ants
  2 hound zombies
  A hound skeleton (D:5)
  A worker ant zombie (D:6)
  2 howler monkey skeletons
  6 adders
  9 gnolls
  A shadow imp (D:7)
  An ooze (D:4)
  A worm (D:2)
  3 dart slugs
  8 leopard geckos
  31 orcs
  3 ball pythons
  8 bats
  8 giant cockroaches
  11 goblins
  6 hobgoblins
  6 jackals
  4 kobolds (D:2)
  2 quokkas
  14 frilled lizards
  A jackal zombie (D:6)
  7 rats
251 creatures vanquished.

Notes
Turn   | Place    | Note
-------+----------+-------------------------------------------
     0 | D:1      | kae the Demonspawn Gladiator began the quest for the Orb.
     0 | D:1      | Reached XP level 1. HP: 16/16 MP: 1/1
    45 | D:1      | Reached skill level 3 in Unarmed Combat
    48 | D:1      | Gained mutation: When seriously injured, your bleeding
                  | wounds create armour. (AC +12) [demonic ancestry]
    48 | D:1      | Reached XP level 2. HP: 18/22 MP: 2/2
   288 | D:1      | You fall into a shaft and drop 1 floor!
   549 | D:1      | Gained mutation: You are partially covered in sharp spines.
                  | [demonic ancestry]
   549 | D:1      | Reached XP level 3. HP: 18/28 MP: 3/3
  1131 | D:2      | Gained mutation: You are clumsy. (Dex -2) [potion of
                  | mutation]
  1131 | D:2      | Gained mutation: You are robust. (+10% HP) [potion of
                  | mutation]
  1218 | D:2      | Found a sacrificial altar of Ru.
  1480 | D:2      | Gained mutation: You have large cloven feet. [demonic
                  | ancestry]
  1480 | D:2      | Reached XP level 4. HP: 22/37 MP: 4/4
  1665 | D:2      | Noticed Terence
  1676 | D:2      | Killed Terence
  1676 | D:2      | Reached skill level 4 in Unarmed Combat
  2169 | D:3      | Noticed Jessica
  2173 | D:3      | Killed Jessica
  2256 | D:3      | Gained mutation: When seriously injured, your bleeding
                  | wounds create thick armour. (AC +12) [demonic ancestry]
  2256 | D:3      | Reached XP level 5. HP: 45/45 MP: 5/5
  3016 | D:4      | Found a radiant altar of Vehumet.
  3059 | D:4      | Reached skill level 5 in Unarmed Combat
  3077 | D:4      | Noticed Duvessa
  3077 | D:4      | Noticed Dowan
  3096 | D:4      | Killed Duvessa
  3096 | D:4      | Gained mutation: When seriously injured, your bleeding
                  | wounds create very thick armour. (AC +12) [demonic
                  | ancestry]
  3096 | D:4      | Reached XP level 6. HP: 30/52 MP: 6/6
  3106 | D:4      | Killed Dowan
  3204 | D:4      | Noticed Grinder
  3216 | D:4      | Killed Grinder
  3216 | D:4      | Reached skill level 6 in Unarmed Combat
  3216 | D:4      | Gained mutation: You are immune to rotting. [demonic
                  | ancestry]
  3216 | D:4      | Reached XP level 7. HP: 33/60 MP: 7/7
  3382 | D:4      | Reached skill level 5 in Fighting
  3432 | D:4      | Noticed Blork the orc
  3440 | D:4      | Killed Blork the orc
  3546 | D:4      | Reached skill level 7 in Unarmed Combat
  4144 | D:4      | Found a runed translucent door.
  4176 | D:4      | Noticed Crazy Yiuf
  4184 | D:4      | Killed Crazy Yiuf
  4225 | D:5      | Entered Level 5 of the Dungeon
  4243 | D:5      | Reached XP level 8. HP: 45/69 MP: 8/8
  4590 | D:5      | Reached skill level 8 in Unarmed Combat
  5107 | D:5      | Found a radiant altar of Vehumet.
  5560 | D:6      | Reached skill level 9 in Unarmed Combat
  5617 | D:6      | Reached XP level 9. HP: 54/79 MP: 9/9
  5633 | D:6      | Found a blossoming altar of Fedhas.
  6866 | D:7      | Found a staircase to the Ecumenical Temple.
  6906 | Temple   | Entered the Ecumenical Temple
  6944 | Temple   | Became a worshipper of the Wu Jian Council
  7122 | D:7      | Reached skill level 10 in Unarmed Combat
  7681 | D:7      | Found a glowing silver altar of Zin.
  7686 | D:7      | Found a snail-covered altar of Cheibriados.
  7692 | D:7      | Found a blossoming altar of Fedhas.
  7838 | D:8      | Found Roamyuci's Armour Shop.
  7838 | D:8      | Reached * piety under Wu Jian
  8028 | D:8      | Reached XP level 10. HP: 78/89 MP: 10/10
  8306 | D:8      | Reached skill level 11 in Unarmed Combat
  8512 | D:8      | Found a staircase to the Lair.
  9315 | D:9      | Noticed a two-headed ogre
  9318 | D:9      | Noticed Zebulonius's ghost (novice MiBe)
  9505 | D:9      | Found a transporter.
  9505 | D:9      | Found a transporter.
  9511 | D:9      | Found a bloodstained altar of Trog.
  9522 | D:9      | Noticed a moth of wrath
  9582 | D:9      | Noticed a two-headed ogre
  9732 | Lair:1   | Entered Level 1 of the Lair of Beasts
  9732 | Lair:1   | Noticed Urug
  9737 | Lair:1   | Noticed a spiny frog
  9749 | Lair:1   | Killed a spiny frog
  9759 | Lair:1   | Killed Urug
 10424 | Lair:1   | Noticed Gastronok
 10436 | Lair:1   | Killed Gastronok
 10436 | Lair:1   | Reached skill level 5 in Dodging
 10436 | Lair:1   | Reached skill level 12 in Unarmed Combat
 10436 | Lair:1   | Gained mutation: You are mostly covered in sharp spines.
                  | [demonic ancestry]
 10436 | Lair:1   | Reached XP level 11. HP: 72/99 MP: 11/11
 10497 | Lair:1   | Reached ** piety under Wu Jian
 11032 | Lair:2   | Reached skill level 10 in Fighting
 11384 | Lair:2   | Mangled by a blink frog

Levels and vault maps discovered:
D:1:      roderic_crop_circles_arrival_small, layout_basic, minmay_lizard_pond
D:2:      layout_loops_cross, hangedman_ru_absence, uniq_terence
D:3:      layout_basic, serial_curves, eino_curves_01, eino_curves_02,
          first_ration, uniq_jessica
D:4:      layout_loops_corners, lemuel_crystal_altar, uniq_duvessa,
          uniq_grinder, uniq_crazy_yiuf_cottage, uniq_blork_the_orc
D:5:      layout_cave_pools, chequers_serial_rivers_marsh, vehumet_altar_wand_db
D:6:      layout_basic, fedhas_bush_and_centaur_altar
D:7:      layout_loops_ring, minmay_overflow_temple_star_quad, temple_fountains
D:8:      layout_basic, erik_lair_dragon, serial_shops, shop
D:9:      layout_irregular_city, gammafunk_ghost_wrathful_warriors
Temple:   dpeg_five_rooms_temple
Lair:1:   layout_gridlike, minmay_holes, lemuel_another_geyser, uniq_gastronok,
          uniq_urug
Lair:2:   layout_small_grid, nicolae_swamp_entry_splash_gauntlet,
          spider_nest_entry_a, bh_chokoban, grunt_megastairs_5

Skill      XL: |  1  2  3  4  5  6  7  8  9 10 11 |
---------------+----------------------------------+-----
Unarmed Combat | 3 4 5 6 7 9 10 12 | 12.8
Dodging        | 3 4 5 |  5.3
Fighting       | 3 4 5 7 8 9 10 | 10.1
Throwing       | |  1.7

Action                   |  1- 3 |  4- 6 |  7- 9 | 10-12 || total
-------------------------+-------+-------+-------+-------++-------
Melee: Unarmed           |   126 |   113 |   363 |   204 ||   806
       Kick              |       |    31 |   111 |    69 ||   211
       Punch             |       |     3 |    15 |    17 ||    35
Invok: Lunge             |       |       |    15 |    14 ||    29
       Whirlwind         |       |       |       |     6 ||     6
  Use: Scroll            |     8 |     4 |     9 |     3 ||    24
       Potion            |     1 |       |       |    11 ||    12
 Stab: Sleeping          |       |       |     1 |       ||     1
       Invisible         |       |       |       |     5 ||     5
  Eat: Chunk             |     1 |    12 |    20 |    10 ||    43
Armor: Leather armour    |    43 |    22 |   102 |    50 ||   217
Dodge: Dodged            |   120 |    59 |   173 |    93 ||   445

Table legend:
 A = Non-vault XP
 B = Vault XP
 C = Vault XP percentage of total XP
 D = Non-vault monster count
 E = Vault monster count
 F = Vault count percentage of total count
                 A         B        C        D         E       F
            +---------+---------+-------+---------+---------+-------
      Total |    9373 |    5102 |  35.2 |     222 |      29 |  11.6
            +---------+---------+-------+---------+---------+-------
        D:1 |      30 |       9 |  23.1 |      17 |       9 |  34.6
        D:2 |      66 |      36 |  35.3 |      25 |       1 |   3.8
        D:3 |      66 |      37 |  35.9 |      15 |       1 |   6.2
        D:4 |     414 |     646 |  60.9 |      22 |       5 |  18.5
        D:5 |     859 |       2 |   0.2 |      24 |       1 |   4.0
        D:6 |    1196 |     112 |   8.6 |      30 |       1 |   3.2
        D:7 |    1539 |       0 |   0.0 |      25 |       0 |   0.0
        D:8 |    1196 |     902 |  43.0 |      32 |       4 |  11.1
        D:9 |     771 |       0 |   0.0 |      18 |       0 |   0.0
     Lair:1 |    1711 |    2770 |  61.8 |       9 |       2 |  18.2
     Lair:2 |    1525 |     588 |  27.8 |       5 |       5 |  50.0
            +---------+---------+-------+---------+---------+-------
